Map: Royal Blood LE

Players

RagnaroK (SHIN) - Winner!

  • Race: Zerg Zerg
  • Spawn Location: 7:00

Gerald

  • Race: Protoss Protoss
  • Spawn Location: 1:00

Event: ESL SC2 Masters 2023 Summer (Finals)

VOD

Have the link to the VOD?

Description

Time

  • Played on: June 16, 2023, 1:37 p.m.
  • Length: 9:11

All games in this series

Show
View Real Time Build Order
Export as new Build Order

RagnaroK Zerg - Winner!

Build Orders: Hatch First 

Get SALT Encoding   

  12  0:00  Drone  
  13  0:07  Drone  
  14  0:16  Overlord  
  14  0:38  Drone  
  14  0:39  Drone  
  16  0:47  Hatchery  
  15  0:51  Drone  
  15  0:55  Drone  
  17  1:00  Drone  
  18  1:09  Extractor  
  17  1:15  Spawning Pool  
  17  1:17  Drone  
  17  1:22  Drone  
  18  1:32  Drone  
  19  1:44  Drone  
  20  1:54  Drone  
  20  2:00  Drone  
  22  2:01  Queen x2  
  22  2:05  Zergling x2  
  27  2:11  Overlord  
  27  2:15  Drone  
  27  2:20  Metabolic Boost  
  28  2:30  Drone x2  
  28  2:32  Drone  
  28  2:37  Hatchery  
  30  2:40  Zergling x2  
  30  2:42  Zergling x2  
  32  2:48  Queen  
  34  2:52  Overlord  
  34  2:57  Drone  
  35  2:59  Drone  
  36  3:10  Queen  
  36  3:11  Drone x4  
  36  3:12  Drone  
  43  3:15  Drone  
  44  3:22  Overlord  
  44  3:32  Overlord  
  43  3:37  Drone  
  43  3:39  Overlord  
  43  3:40  Queen  
  46  3:44  Drone x3  
  46  3:46  Roach Warren  
  48  3:48  Queen  
  48  3:52  Drone  
  48  3:53  Drone  
  48  3:54  Drone  
  53  4:00  Zergling x8  
  57  4:04  Spore Crawler  
  57  4:07  Zergling x4  
  58  4:10  Spore Crawler  
  58  4:11  Zergling x2  
  58  4:14  Zergling x4  
  61  4:17  Drone x2  
  61  4:18  Drone  
  61  4:21  Drone  
  64  4:24  Spore Crawler  
  64  4:25  Drone x2  
  64  4:28  Drone  
  64  4:30  Overlord  
  66  4:33  Overlord  
  66  4:37  Overlord  
  65  4:38  Overlord  
  65  4:40  Drone  
  65  4:41  Drone  
  65  4:43  Drone  
  66  4:48  Drone  
  66  4:50  Drone x4  
  66  4:52  Drone  
  69  4:54  Drone x2  
  69  4:56  Extractor x2, Drone  
  69  4:58  Drone  
  69  4:59  Drone  
  70  5:00  Drone  
  70  5:04  Extractor  
  70  5:05  Lair  
  70  5:07  Zergling x4  
  70  5:11  Zergling x4  
  73  5:16  Drone x5  
  73  5:17  Extractor  
  73  5:18  Extractor  
  73  5:20  Drone  
  77  5:26  Drone  
  77  5:27  Drone x2  
  80  5:29  Drone  
  80  5:33  Overlord  
  81  5:37  Overlord  
  81  5:38  Drone  
  82  5:44  Drone x2  
  82  5:45  Overlord  
  82  5:47  Hatchery, Zergling x2  
  82  5:49  Overlord  
  84  5:50  Drone  
  84  5:56  Roach x5  
  95  5:57  Roach  
  95  5:58  Roach  
  98  6:05  Spire  
  98  6:06  Glial Reconstitution  
  98  6:10  Overseer  
  97  6:12  Overlord  
  97  6:14  Roach  
  97  6:16  Overlord  
  97  6:17  Drone  
  97  6:18  Overlord  
  100  6:19  Roach  
  100  6:20  Roach  
  100  6:23  Overlord  
  102  6:26  Roach x2  
  102  6:30  Drone  
  102  6:31  Overlord  
  102  6:32  Roach  
  109  6:38  Roach x4  
  117  6:40  Overlord  
  117  6:44  Roach x2  
  120  6:47  Ravager x6  
  120  6:50  Roach x2  
  129  6:54  Roach x3  
  129  6:57  Roach  
  129  7:01  Roach x2  
  141  7:03  Drone  
  141  7:05  Roach  
  141  7:06  Evolution Chamber  
  141  7:10  Roach x3  
  141  7:21  Drone x9  
  148  7:24  Drone x2  
  148  7:28  Zergling x8  
  154  7:42  Overlord  
  144  7:44  Mutalisk x6  
  144  7:50  Drone x4  
  160  7:52  Zergling x2  
  160  7:53  Zergling x8, Spore Crawler  
  164  8:00  Overseer  
  160  8:07  Extractor  
  160  8:08  Extractor  
  160  8:11  Hatchery  
  160  8:12  Mutalisk x2  
  153  8:17  Mutalisk  
  153  8:18  Spine Crawler  
  136  8:20  Drone x3  
  136  8:21  Drone x6, Spine Crawler  
  140  8:27  Mutalisk x2  
  129  8:35  Mutalisk  
  129  8:38  Drone x3  
  129  8:41  Mutalisk  
  132  8:52  Zergling x26  
  143  8:56  Baneling Nest  
  143  9:09  Extractor  
  143  9:10  Extractor  
Show
View Real Time Build Order
Export as new Build Order

Gerald Protoss 

Build Orders: 1 Gate Expand, Zealot Archon, Archon Drop, Dark Templar Rush 

Get SALT Encoding   

  12  0:00  Probe  
  13  0:12  Probe  
  14  0:17  Pylon  
  14  0:24  Probe (Chrono Boost)  
  15  0:36  Probe (Chrono Boost)  
  15  0:38  Gateway  
  16  0:45  Probe (Chrono Boost)  
  16  0:46  Assimilator  
  17  0:51  Probe  
  18  1:03  Probe  
  19  1:15  Probe  
  20  1:23  Nexus  
  20  1:27  Probe  
  21  1:35  Cybernetics Core  
  21  1:39  Probe  
  22  1:46  Assimilator  
  22  1:52  Pylon  
  22  1:53  Probe  
  22  2:06  Probe  
  23  2:09  Adept (Chrono Boost)  
  25  2:17  Twilight Council  
  25  2:18  Probe  
  25  2:21  Warp Gate  
  26  2:29  Adept (Chrono Boost)  
  26  2:30  Probe  
  26  2:34  Probe  
  30  2:42  Probe  
  31  2:46  Probe  
  32  2:52  Robotics Facility  
  32  2:56  Probe  
  33  2:59  Probe  
  33  3:03  Stalker  
  36  3:08  Probe  
  36  3:11  Probe (Chrono Boost)  
  38  3:15  Pylon  
  38  3:20  Probe (Chrono Boost)  
  40  3:29  Dark Shrine, Probe (Chrono Boost)  
  40  3:30  Probe (Chrono Boost)  
  41  3:35  Probe x2 (Chrono Boost)  
  41  3:40  Warp Prism (Chrono Boost)  
  43  3:46  Probe  
  43  3:48  Gateway  
  46  3:53  Probe  
  47  3:56  Pylon  
  47  4:01  Probe  
  48  4:07  Probe  
  48  4:09  Assimilator  
  49  4:10  Adept, Assimilator  
  49  4:13  Probe  
  52  4:19  Probe  
  53  4:25  Probe  
  53  4:26  Nexus  
  54  4:31  Probe  
  54  4:38  Probe  
  56  4:43  Probe  
  57  4:46  Pylon  
  57  4:48  Dark Templar x2  
  57  4:50  Observer  
  57  4:52  Pylon, Charge  
  62  4:54  Probe  
  62  4:56  Probe  
  62  4:59  Nexus  
  60  5:08  Gateway  
  60  5:09  Gateway  
  60  5:10  Immortal (Chrono Boost)  
  64  5:20  Pylon  
  64  5:24  Dark Templar x2  
  69  5:31  Gateway  
  69  5:35  Gateway, Archon  
  68  5:39  Immortal (Chrono Boost)  
  72  5:43  Archon  
  72  5:47  Gateway  
  72  5:49  Gateway  
  72  5:53  Probe x2  
  74  6:05  Probe  
  74  6:06  Pylon  
  74  6:07  Pylon  
  74  6:09  Dark Templar  
  74  6:10  Dark Templar  
  79  6:13  Assimilator  
  79  6:15  Assimilator  
  79  6:16  Dark Templar, Archon  
  81  6:19  Dark Templar  
  83  6:29  Zealot  
  83  6:31  Observer (Chrono Boost)  
  83  6:32  Probe  
  87  6:34  Archon  
  87  6:37  Zealot  
  87  6:38  Probe  
  90  6:40  Pylon  
  90  6:44  Pylon, Zealot x4  
  98  6:57  Zealot x3  
  98  6:58  Immortal  
  108  7:04  Probe, Robotics Bay  
  107  7:11  Zealot  
  107  7:12  Zealot x3  
  99  7:20  Probe x3 (Chrono Boost)  
  98  7:27  Stalker, Sentry  
  98  7:28  Stalker x2  
  98  7:29  Probe (Chrono Boost)  
  108  7:30  Probe (Chrono Boost)  
  100  7:41  Probe  
  87  7:45  Probe x2  
  87  7:49  Disruptor (Chrono Boost), Shield Battery  
  81  7:53  Probe  
  81  7:57  Probe  
  81  7:58  Probe, Stalker x2, Shield Battery  
  87  7:59  Forge  
  87  8:01  Zealot x2  
  87  8:05  Probe  
  94  8:07  Zealot x2  
  94  8:11  Zealot x2  
  81  8:20  Probe  
  81  8:23  Dark Templar  
  81  8:24  Zealot x2  
  78  8:33  Dark Templar  
  64  8:35  Zealot x2  
  64  8:36  Zealot x2  
  52  8:44  Stalker x2  
  52  8:49  Probe  
  49  8:58  Stalker x2  
Tags
 
Add a new tag
Caveats
  • Supply blocks, unpowered buildings, or Contaminate may cause inaccurate times.
  • Supply counts are checked every 10 seconds.